 Dungeon Crawl Stone Soup version 0.29.1-12-g30fa7ad0bf (webtiles) character file.

Game seed: 10101819414331988427

52 Eitelfritz the Shooter (level 3, 0/31 HPs)
             Began as a Minotaur Hunter on Jan 13, 2023.
             Slain by Sigmund
             ... wielding a +0 scythe
              (6 damage)
             ... on level 2 of the Dungeon.
             The game lasted 00:04:18 (1078 turns).

Eitelfritz the Shooter (Minotaur Hunter)            Turns: 1078, Time: 00:04:18

Health: 0/31       AC:  6    Str: 13 (15) XL:     3   Next: 60%
Magic:  2/2        EV:  9    Int:  7 (8)  God:
Gold:   69         SH:  0    Dex: 10 (13) Spells: 2/2 levels left

rFire   . . .      SeeInvis .   b - +0 falchion
rCold   . . .      Faith    .   (no shield)
rNeg    . . .      Spirit   .   n - +0 scale mail
rPois   .          Reflect  .   (helmet restricted)
rElec   .          Harm     .   (no cloak)
rCorr   .          Rampage  .   (no gloves)
Will    .....                   (no boots)
Stlth   ..........              (no amulet)
HPRegen 0.10/turn               (no ring)
MPRegen 0.08/turn               (no ring)

@: no status effects
A: horns 2, retaliatory headbutt
a: no special abilities


You were on level 2 of the Dungeon.
You visited 1 branch of the dungeon, and saw 2 of its levels.

You collected 102 gold pieces.
You spent 33 gold pieces at shops.

Inventory:

Hand Weapons
 a - a +0 shortbow
 b - a +0 falchion (weapon)
Armour
 c - a +0 leather armour
 n - a +0 scale mail (worn)
Jewellery
 h - a +6 ring of intelligence
Scrolls
 e - a scroll of blinking {unknown}
 g - a scroll of amnesia {unknown}
 m - a scroll of poison {unknown}
 o - a scroll of immolation
Potions
 f - a potion of magic {unknown}
 i - a potion of resistance {unknown}
 j - a potion of degeneration
 k - a potion of cancellation {unknown}
 l - 2 potions of invisibility {unknown}


   Skills:
 + Level 3.2 Fighting
 + Level 5.4 Ranged Weapons
 + Level 0.9 Armour
 + Level 2.2 Dodging
 + Level 0.7 Stealth


You had 2 spell levels left.
You didn't know any spells.
Your spell library was empty.

Dungeon Overview and Level Annotations

Branches:
Dungeon (2/15)

Altars:

Shops:
D:2 (

Annotations:
D:2 Sigmund


Innate Abilities, Weirdness & Mutations

You have a pair of horns on your head.
You reflexively headbutt those who attack you in melee.


Message History

Press: ? - help, Q - select action Shift-Dir - straight line, f - you
Okay, then.
You see here 6 stones.
Fire: a) +0 shortbow
Press: ? - help, Q - select action Shift-Dir - straight line, f - Sigmund
Aim: Sigmund, wielding a +0 scythe and wearing a +0 robe (57% to hit)
You shoot an arrow. The arrow closely misses Sigmund.
Okay, then.
Unknown command.
As you read the scroll labelled WOAGAWUISE, it crumbles to dust.
The scroll dissolves into smoke.
It was a scroll of fog.
Sigmund gestures at you while chanting.
You are confused.
Non-targeted confused fire: a) +0 shortbow
Press: ? - help, Q - select action Dir - look around, f - activate Look: Sigmund, wielding a +0 scythe and wearing a +0 robe You shoot an arrow.
Unknown command.
Sigmund points at you and mumbles some strange words.
The magic dart hits you.
You feel less confused. Sigmund barely misses you.
b - a +0 falchion (weapon)
Sigmund points at you and mumbles some strange words.
You are confused.
You're too confused to move!
Sigmund barely misses you.
Sigmund casts a spell.
Sigmund flickers and vanishes!
Something hits you.
You bump into the rock wall.
You feel less confused. Something hits you.
You closely miss something. Something hits you.
You hit something. You headbutt something. Something hits you.
* * * LOW HITPOINT WARNING * * *
It was a potion of degeneration.
There was something very wrong with that liquid.
You feel weakened.
You feel dopey.
You feel clumsy. Something hits you.
You die...

...##...##...####.####
.........#⌠.⌠# #.#
.........#.∩.# #.#
...#.....#⌠.⌠# #.#
.........#.### #.#
...........######.#
.).....##..##.....#####
.......##.÷...........#
..#....##....§.{@.....#
.......###....§§.§....#
.......##.....§.......#
....#####.#.....§.....#
....# ##.#...(.§.§...#
....## #........§.§...#
...).# #.#.#..........#
####.# #.#.#.##########
# #.###.#.#.#


There were no monsters in sight!

Vanquished Creatures
  Terence (D:2)
  2 dart slugs (D:1)
  5 ball pythons
  2 endoplasms
  2 goblins
  4 jackals (D:1)
  5 kobolds
  2 frilled lizards
  3 rats
26 creatures vanquished.

Notes
Turn   | Place    | Note
-------+----------+-------------------------------------------
     0 | D:1      | Eitelfritz the Minotaur Hunter began the quest for the Orb.
     0 | D:1      | Reached XP level 1. HP: 18/18 MP: 0/0
   113 | D:1      | Reached XP level 2. HP: 22/25 MP: 1/1
   397 | D:1      | Found a faded altar of an unknown god.
   621 | D:1      | Reached skill level 5 in Ranged Weapons
   740 | D:2      | Found Ongid's Weapon Emporium.
   855 | D:2      | Reached XP level 3. HP: 31/31 MP: 2/2
   860 | D:2      | Noticed Terence
   871 | D:2      | Killed Terence
   921 | D:2      | Noticed Sigmund
   948 | D:2      | Bought a +0 falchion for 33 gold pieces
  1078 | D:2      | Slain by Sigmund

Illustrated notes

Levels and vault maps discovered:
D:1:      scummos_arrival_simple_crosswalls, layout_basic,
          basic_ecumenical_altar
D:2:      layout_rooms, serial_shops, shop_fountains, uniq_natasha,
          uniq_sigmund, uniq_terence

Skill      XL: |  1  2 |
---------------+-------+-----
Ranged Weapons | 5 |  5.4
Fighting       | 3 |  3.2
Armour         | |  0.9
Dodging        | |  2.2
Stealth        | |  0.7

Action                   || total
-------------------------++-------
Melee: Falchion          ||     2
       Headbutt          ||     1
 Fire: Shortbow          ||    75
  Use: Scroll            ||     1
       Potion            ||     1
Armor: Leather armour    ||     6
Dodge: Dodged            ||    19
